 Dungeon Crawl Stone Soup version 0.27.1 (webtiles) character file.

Game seed: 986861890145103404

4260 H0rd4k the Summoner (level 10, -5/68 HPs)
             Began as a Barachi Summoner on Sept 1, 2021.
             Was a Believer of Qazlal.
             Slain by a wyvern (13 damage)
             ... on level 10 of the Dungeon.
             The game lasted 00:25:14 (14840 turns).

H0rd4k the Summoner (Barachi Summoner)             Turns: 14840, Time: 00:25:14

Health: -5/68      AC:  2    Str: 10    XL:     10   Next: 31%
Magic:  10/23      EV: 13    Int: 18    God:    Qazlal [**....]
Gold:   439        SH:  3    Dex: 13    Spells: 20/28 levels left

rFire    . . .     SeeInvis .   t - +4 trident (freeze)
rCold    . . .     Faith    .   (no shield)
rNeg     . . .     Spirit   .   a - +0 robe
rPois    +         Reflect  .   (no helmet)
rElec    .         Harm     .   (no cloak)
rCorr    .         Rampage  .   (no gloves)
Will     .....                  (no boots)
Stlth    ++........             (no amulet)
HPRegen  0.21/turn              g - ring of poison resistance
MPRegen  0.18/turn              (no ring)

@: unable to hop, slowed, very slow
A: amphibious, slowness 1, strong legs 1, +LOS
a: Hop, Renounce Religion, Upheaval


You were on level 10 of the Dungeon.
You worshipped Qazlal.
Qazlal was pleased with you.
You visited 2 branches of the dungeon, and saw 11 of its levels.

You collected 439 gold pieces.

Inventory:

Hand Weapons
 r - a +1 spear
 s - a +1 short sword of venom
 t - a +4 trident of freezing (weapon)
 y - a +5 dagger
 z - the +6 dagger "Spiderslayer" {vorpal, Dex+3}
   (You found it on level 6 of the Dungeon)

   It inflicts extra damage upon your enemies.
   Dex:       It affects your dexterity (+3).
Missiles
 j - 80 poisoned darts
 B - a throwing net
Armour
 a - a +0 robe (worn)
Magical Staves
 u - a staff of conjuration
Jewellery
 g - a ring of poison resistance (left hand)
Wands
 i - a wand of flame (40)
 n - a wand of mindburst (18)
 x - a wand of digging (5)
 A - a wand of paralysis (4)
 D - a wand of iceblast (6)
Scrolls
 b - 7 scrolls of teleportation
 d - 2 scrolls of magic mapping {unknown}
 f - 2 scrolls of fog {unknown}
 h - a scroll of brand weapon {unknown}
 l - 2 scrolls of immolation {unknown}
 o - 3 scrolls of enchant weapon {unknown}
 p - a scroll of blinking {unknown}
 q - 3 scrolls of amnesia {unknown}
 E - 2 scrolls of identify
Potions
 c - a potion of brilliance
 e - 2 potions of resistance
 k - 2 potions of mutation
 m - 2 potions of degeneration
 v - a potion of attraction
 w - a potion of flight
 C - a potion of lignification


   Skills:
 + Level 2.4 Fighting
 + Level 3.8 Polearms
 + Level 3.5 Dodging
 - Level 1.7 Stealth
 + Level 0.2 Shields
 * Level 9.6 Spellcasting
 * Level 11.7 Summonings
 + Level 4.2 Air Magic


You had 20 spell levels left.
You knew the following spells:

 Your Spells              Type           Power      Damage    Failure   Level
a - Summon Small Mammal   Summ           100%       N/A       1%          1
b - Call Canine Familiar  Summ           50%        N/A       1%          3
c - Summon Lightning Spi  Summ/Air       37%        N/A       3%          4

Your spell library contained the following spells:

 Spells                   Type           Power      Damage    Failure   Level
 Call Imp                 Summ           50%        N/A       1%          2
 Summon Guardian Golem    Hex/Summ       29%        N/A       2%          3


Dungeon Overview and Level Annotations

Branches:
Dungeon (10/15)            Temple (1/1) D:4
   Lair: D:8-11         Orc: D:9-12

Altars:
Ashenzari
Dithmenos
Elyvilon
Fedhas
Gozag
Hepliaklqana
Kikubaaqudgha
Makhleb
Nemelex Xobeh
Qazlal
Ru
Trog
Uskayaw
Vehumet
Wu Jian
Xom
Yredelemnul
The Shining One

Annotations:
D:3 exclusion: downstairs
D:4 exclusion: downstairs
D:6 2 transporters, Malachi's ghost, novice TrMo
D:7 1 runed translucent door, exclusions: door and downstairs, Crazy Yiuf
D:8 exclusions: downstairs and upstairs
D:9 3 runed translucent doors, exclusion: 3 doors, Quickbrownfox's ghost, novice DsMo


Innate Abilities, Weirdness & Mutations

You are amphibious.
You cover ground slowly.
You can hop short distances.
You have an extended range of vision and can be seen from far away.


Message History

The kobold hits your bat with a +1 whip of draining!
Your bat dies!
Your bat's corpse disappears in a puff of smoke!
The wyvern bites you!!
* * * LOW HITPOINT WARNING * * *
You swap places.
Something hits your lightning spire.
Something hits your lightning spire but does no damage.
Your wolf bites the wyvern!
The wyvern closely misses you.
A kobold comes into view.
It is wielding a +0 whip and quivering poisoned darts.
Something hits your wolf.
Your wolf closely misses the wyvern.
The wyvern closely misses you. Something hits your wolf.
The kobold hits your lightning spire but does no damage.
The kobold brigand hits your lightning spire with a +0 short sword.
Your wolf bites something but does no damage.
Okay, then.
Unknown command.
Hop to where?
Press: ? - help, Dir - move target Boing!
Something hits your wolf. x2
Something hits your wolf but does no damage.
Your wolf misses something.
Your lightning spire shoots out a bolt of lightning at the kobold!
The bolt of electricity hits the kobold!
The kobold dies!
Qazlal accepts your kill.
The bolt of electricity hits the kobold.
The kobold dies!
Qazlal accepts your kill. The wyvern bites you!
* * * LOW HITPOINT WARNING * * *
The kobold brigand hits your lightning spire but does no damage.
Your wolf bites something.
Your lightning spire shoots out a bolt of lightning at the kobold brigand!
The bolt of electricity hits the kobold brigand.
The kobold brigand dies!
Qazlal accepts your kill.
You hit the wyvern. You freeze the wyvern.
The wyvern is almost dead.
The wyvern bites you!
You die...

# .#
###.#.######.#.#.##
........@l{.8))....
###.#....§h#)##..#
########


You could see a wyvern (ally target), a friendly wolf (summoned) and a friendly
lightning spire (summoned).

Vanquished Creatures
  Prince Ribbit (D:9)
  A yak (D:9)
  A hornet zombie (D:8)
  A kobold brigand (D:8)
  2 scorpions
  A water moccasin skeleton (D:5)
  5 killer bees (D:8)
  A wight (D:5)
  2 howler monkeys (D:7)
  A centaur zombie (D:7)
  A bullfrog zombie (D:5)
  An orc priest (D:8)
  A killer bee zombie (D:8)
  A gnoll (D:7)
  An adder (D:5)
  A white imp (D:8)
  An orc (D:8)
  4 kobolds (D:8)
  A ball python (D:3)
  A frilled lizard (D:1)
29 creatures vanquished.

Vanquished Creatures (collateral kills)
  Erolcha (D:9)
  A boulder beetle (D:9)
  A skeletal warrior (D:9)
  A kobold demonologist (D:9)
  2 hornets (D:9)
  A wraith (D:9)
  2 yaks (D:9)
  A steam dragon (D:9)
  An acid dragon (D:9)
  A sky beast (D:8)
  An orc warrior (D:9)
  2 ogres (D:6)
  4 necrophages (D:4)
  A centaur (D:9)
  2 kobold brigands
  A gnoll sergeant (D:9)
  4 scorpions
  A bullfrog (D:6)
  A wyvern zombie (D:6)
  A water moccasin zombie (D:6)
  A water moccasin skeleton (D:7)
  6 killer bees
  A howler monkey (D:4)
  10 wights
  A centaur zombie (D:6)
  A gnoll shaman (D:7)
  A human zombie (D:4)
  A jelly (D:5)
  3 orc priests
  3 hounds
  Jessica (D:2)
  6 orc wizards
  A scorpion zombie (D:5)
  A hound zombie (D:4)
  3 mummies (D:4)
  2 howler monkey skeletons (D:4)
  A howler monkey zombie (D:8)
  7 adders
  8 gnolls
  2 white imps
  An adder zombie (D:4)
  2 adder skeletons (D:4)
  5 worms
  A dart slug (D:2)
  7 orcs
  3 ball pythons
  7 endoplasms
  4 giant cockroaches
  A goblin (D:3)
  5 hobgoblins
  9 kobolds
  2 quokkas
  2 bats
  2 frilled lizards
  6 rats
147 creatures vanquished.

Vanquished Creatures (others)
  2 fungi (D:9)
2 creatures vanquished.

Grand Total: 178 creatures vanquished

Notes
Turn   | Place    | Note
-------+----------+-------------------------------------------
     0 | D:1      | H0rd4k the Barachi Summoner began the quest for the Orb.
     0 | D:1      | Reached XP level 1. HP: 13/13 MP: 3/3
   164 | D:1      | Reached skill level 5 in Summonings
   574 | D:1      | Reached XP level 2. HP: 11/19 MP: 0/5
  1062 | D:1      | Found a faded altar of an unknown god.
  1429 | D:2      | Noticed Jessica
  1437 | D:2      | Killed Jessica
  1438 | D:2      | Reached XP level 3. HP: 24/24 MP: 0/7
  1447 | D:2      | Learned a level 3 spell: Call Canine Familiar
  2540 | D:3      | Found a hide-covered altar of Uskayaw.
  3116 | D:3      | Reached XP level 4. HP: 28/30 MP: 2/8
  3232 | D:3      | Reached skill level 6 in Summonings
  3492 | D:3      | Found a broken altar of Ashenzari.
  3980 | D:3      | Found a bloodstained altar of Trog.
  4156 | D:4      | Noticed a scorpion
  4158 | D:4      | Reached XP level 5. HP: 35/35 MP: 4/10
  4241 | D:4      | Found a white marble altar of Elyvilon.
  4721 | D:4      | Reached skill level 7 in Summonings
  5223 | D:4      | Reached XP level 6. HP: 41/41 MP: 9/12
  5381 | D:4      | Noticed a necrophage
  5391 | D:4      | Killed a necrophage
  5531 | D:4      | Found a staircase to the Ecumenical Temple.
  5641 | Temple   | Entered the Ecumenical Temple
  5727 | Temple   | Became a worshipper of Qazlal Stormbringer
  5882 | D:4      | Noticed a necrophage
  5898 | D:4      | Killed a necrophage
  5943 | D:4      | Noticed a necrophage
  5951 | D:4      | Killed a necrophage
  5996 | D:4      | Noticed a necrophage
  6024 | D:4      | Killed a necrophage
  6025 | D:4      | Reached skill level 5 in Spellcasting
  6291 | D:4      | Reached XP level 7. HP: 20/46 MP: 5/14
  6548 | D:4      | Found a basalt altar of Yredelemnul.
  6571 | D:4      | Reached skill level 8 in Summonings
  7387 | D:5      | Entered Level 5 of the Dungeon
  8139 | D:5      | Found a shadowy altar of Dithmenos.
  8524 | D:5      | Reached skill level 1 in Polearms
  8904 | D:6      | Noticed Malachi's ghost (novice TrMo)
  8925 | D:6      | Found a transporter.
  8931 | D:6      | Reached XP level 8. HP: 14/52 MP: 12/17
  9162 | D:6      | Found a transporter.
  9407 | D:6      | Learned a level 4 spell: Summon Lightning Spire
  9508 | D:6      | Reached skill level 9 in Summonings
  9836 | D:6      | Reached skill level 1 in Air Magic
 10238 | D:6      | Identified the +6 dagger "Spiderslayer" {vorpal, Dex+3}
 10397 | D:7      | Reached * piety under Qazlal
 10429 | D:7      | Found a blossoming altar of Fedhas.
 10777 | D:7      | Found a shimmering altar of Xom.
 10882 | D:7      | Found a runed translucent door.
 10883 | D:7      | Noticed Crazy Yiuf
 11085 | D:7      | Found an opulent altar of Gozag.
 11524 | D:8      | Found a glowing golden altar of the Shining One.
 12036 | D:8      | Found an ancient bone altar of Kikubaaqudgha.
 12177 | D:8      | Reached XP level 9. HP: 26/58 MP: 14/20
 13266 | D:9      | Noticed a kobold demonologist
 13276 | D:9      | Reached skill level 10 in Summonings
 13276 | D:9      | Noticed a hornet
 13279 | D:9      | Killed a kobold demonologist
 13280 | D:9      | Reached skill level 1 in Fighting
 13292 | D:9      | HP: 1/59 [poisoned by a hornet]
 13293 | D:9      | Killed a hornet
 13372 | D:9      | Reached ** piety under Qazlal
 13935 | D:9      | Noticed Erolcha
 13939 | D:9      | Noticed a skeletal warrior
 14100 | D:9      | Noticed Prince Ribbit
 14110 | D:9      | Killed Prince Ribbit
 14111 | D:9      | Noticed a hornet
 14116 | D:9      | Killed a hornet
 14206 | D:9      | Killed Erolcha
 14207 | D:9      | Reached skill level 11 in Summonings
 14207 | D:9      | Reached XP level 10. HP: 68/68 MP: 11/23
 14352 | D:9      | Noticed a boulder beetle
 14376 | D:9      | Killed a boulder beetle
 14476 | D:9      | Found a sparkling altar of Nemelex Xobeh.
 14504 | D:9      | Killed a skeletal warrior
 14805 | D:9      | Found a runed translucent gate.
 14805 | D:9      | Found a runed translucent gate.
 14805 | D:9      | Found a runed translucent gate.
 14805 | D:9      | Noticed a kobold demonologist
 14805 | D:9      | Noticed a kobold demonologist
 14807 | D:9      | Noticed a kobold demonologist
 14808 | D:9      | Noticed Quickbrownfox's ghost (novice DsMo)
 14830 | D:10     | Entered Level 10 of the Dungeon
 14840 | D:10     | Slain by a wyvern

Illustrated notes

Levels and vault maps discovered:
D:1:      ebering_trefoil_twist, layout_loops_ring,
          shapermc_ecumenical_altar_hornbeckon
D:2:      layout_basic, uniq_jessica
D:3:      layout_loops_corners, trog_book, mainiacjoe_overflow_six_doors_small,
          nicolae_ashenzari_skybound
D:4:      layout_loops_ring, lemuel_mausoleum_altar_yredelemnul,
          elyvilon_altar_5, temple_green, hangedman_glass_teeth
D:5:      layout_cave_pods, nicolae_dithmenos_the_darkroom, slow_altar_1,
          solitary_fountain, kb_lookout_dungeons_type, st_stairs_12
D:6:      layout_gridville, gammafunk_ghost_stat_death
D:7:      layout_basic, grunt_gozag_statues, nicolae_overflow_hidden_temple,
          mainiacjoe_overflow_small_starburst, chequers_serial_rivers_micro_b,
          uniq_crazy_yiuf_cottage
D:8:      layout_loops_ring, kiku_gazebo_pond_becter,
          mainiacjoe_overflow_catwalk
D:9:      layout_rooms, nemelex_altar_shiori, gammafunk_ghost_nasty_kobolds,
          minmay_chambers_of_fives, uniq_erolcha, uniq_prince_ribbit1
D:10:     layout_basic, uniq_maurice
Temple:   nicolae_temple_figure_zero

Skill      XL: |  1  2  3  4  5  6  7  8  9 10 |
---------------+-------------------------------+-----
Summonings     | 5 6 7 8 9 11 | 11.7
Spellcasting   | 3 4 5 6 7 9 |  9.6
Polearms       | 1 2 3 |  3.8
Air Magic      | 3 4 |  4.2
Fighting       | 2 |  2.4
Dodging        | 3 |  3.5
Stealth        | |  1.7
Shields        | |  0.2

Action                   |  1- 3 |  4- 6 |  7- 9 | 10-12 || total
-------------------------+-------+-------+-------+-------++-------
Melee: Unarmed           |    11 |     3 |       |       ||    14
       Trident           |       |       |   155 |     5 ||   160
 Cast: Summon Small Mamm |   117 |    75 |   105 |     1 ||   298
       Call Canine Famil |     3 |    29 |    68 |     9 ||   109
       Summon Lightning  |       |       |    16 |     9 ||    25
 Abil: Hop               |       |     1 |     4 |     2 ||     7
Evoke: Wand              |       |       |     3 |       ||     3
  Use: Scroll            |       |       |    10 |       ||    10
       Potion            |       |       |     7 |       ||     7
 Stab: Distracted        |       |       |     5 |       ||     5
Armor: Robe              |    11 |     8 |    24 |       ||    43
Dodge: Dodged            |    37 |    31 |    98 |    10 ||   176
Block: Other             |       |       |     8 |     3 ||    11
